NYP
MAHONING VALLEY SCRAPPERS @ IDAHO FALLS CHUKARS
04/09/2048
 
TOP OF THE 1ST
Mahoning Valley Scrappers batting - Pitching for Idaho Falls Chukars : RHP Tom Daniels
Pitching: RHP Tom Daniels
Batting: RHB Kevin Wiles 0-0: Ball
1-0: Ball
2-0: Ground out 4-3 (Groundball, 4, EV 81.9 MPH)
Batting: RHB Jose Argueta 0-0: Called Strike
0-1: Ball
1-1: Ground out 3-1 (Groundball, 13, EV 94.4 MPH)
Batting: RHB John Shaffer 0-0: Called Strike
0-1: Foul Ball, location: 2F
0-2: Ball
1-2: Strikes out swinging
Top of the 1st over - 0 runs, 0 hits, 0 errors, 0 left on base; Mahoning Valley 0 - Idaho Falls 0
BOTTOM OF THE 1ST
Idaho Falls Chukars batting - Pitching for Mahoning Valley Scrappers : RHP Oscar Alvarado
Pitching: RHP Oscar Alvarado
Batting: LHB Edgar Ortiz 0-0: Called Strike
0-1: Swinging Strike
0-2: Foul Ball, location: 2F
0-2: Strikes out swinging
Batting: RHB Jesus Malave 0-0: Ball
1-0: Ball
2-0: Ball
3-0: Called Strike
3-1: Foul Ball, location: 2F
3-2: Foul Ball, location: 2F
3-2: Strikes out swinging
Batting: RHB William Lung 0-0: Ball
1-0: Ball
2-0: Called Strike
2-1: Fly out, F8 (Flyball, 8RD, EV 88.8 MPH)
Bottom of the 1st over - 0 runs, 0 hits, 0 errors, 0 left on base; Mahoning Valley 0 - Idaho Falls 0
TOP OF THE 2ND
Mahoning Valley Scrappers batting - Pitching for Idaho Falls Chukars : RHP Tom Daniels
Batting: LHB Matt Steinke 0-0: Ball
1-0: Ball
2-0: Swinging Strike
2-1: Ball
3-1: Base on Balls
Batting: LHB Dave Key 0-0: Called Strike
0-1: Ball
1-1: Swinging Strike
1-2: SINGLE (Groundball, 56D, EV 104.4 MPH)
Matt Steinke to second
Batting: RHB Nick Gossman 0-0: Swinging Strike
0-1: Ball
1-1: Grounds into double play, 4-6-3 (Groundball, 4, EV 106.2 MPH)
Matt Steinke to third
Batting: RHB Jonathan Livingston 0-0: Hit by Pitch
Batting: RHB Leo Villa 0-0: Fly out, F6 (Line Drive, 6MD, EV 70.0 MPH)
Top of the 2nd over - 0 runs, 1 hit, 0 errors, 2 left on base; Mahoning Valley 0 - Idaho Falls 0
BOTTOM OF THE 2ND
Idaho Falls Chukars batting - Pitching for Mahoning Valley Scrappers : RHP Oscar Alvarado
Batting: RHB Phil Hamby 0-0: Ball
1-0: Ball
2-0: Called Strike
2-1: Foul Ball, location: 2F
2-2: Strikes out looking
Batting: RHB Pat McCoy 0-0: Ground out 3-1 (Groundball, 34S, EV 93.1 MPH)
Batting: RHB Chang-keun Baik 0-0: Swinging Strike
0-1: Fly out, F9 (Flyball, 9D, EV 92.5 MPH)
Bottom of the 2nd over - 0 runs, 0 hits, 0 errors, 0 left on base; Mahoning Valley 0 - Idaho Falls 0
TOP OF THE 3RD
Mahoning Valley Scrappers batting - Pitching for Idaho Falls Chukars : RHP Tom Daniels
Batting: RHB Juan Ordonez 0-0: Bunt for hit to 13 - play at first, batter OUT! 1-3
Batting: RHB Kevin Wiles 0-0: Called Strike
0-1: Fly out, F7 (Flyball, 78M, EV 96.9 MPH)
Batting: RHB Jose Argueta 0-0: Called Strike
0-1: Ball
1-1: Swinging Strike
1-2: Ball
2-2: Foul Ball, location: 2F
2-2: Foul Ball, location: 2F
2-2: Fly out, F4 (Popup, 4S, EV 75.6 MPH)
Top of the 3rd over - 0 runs, 0 hits, 0 errors, 0 left on base; Mahoning Valley 0 - Idaho Falls 0
BOTTOM OF THE 3RD
Idaho Falls Chukars batting - Pitching for Mahoning Valley Scrappers : RHP Oscar Alvarado
Batting: LHB Mike Bhatti 0-0: Called Strike
0-1: Swinging Strike
0-2: Strikes out swinging
Batting: RHB Vic Nelson 0-0: Called Strike
0-1: Foul Ball, location: 2F
0-2: Ball
1-2: Strikes out swinging
Batting: RHB Gabe Ochoa 0-0: Called Strike
0-1: DOUBLE (Line Drive, 89D, EV 110.0 MPH)
Batting: LHB Edgar Ortiz 0-0: Ball
1-0: Foul Ball, location: 2F
1-1: Foul Ball, location: 2F
1-2: Ball
2-2: SINGLE (Flyball, 8LS, EV 86.2 MPH)
Gabe Ochoa to third
Runner from 3rd tries for Home, SAFE, throw by CF to home
Batting: RHB Jesus Malave 0-0: Called Strike
Edgar Ortiz is caught stealing 2nd base 2-4
Bottom of the 3rd over - 1 run, 2 hits, 0 errors, 0 left on base; Mahoning Valley 0 - Idaho Falls 1
TOP OF THE 4TH
Mahoning Valley Scrappers batting - Pitching for Idaho Falls Chukars : RHP Tom Daniels
Batting: RHB John Shaffer 0-0: Ball
1-0: Swinging Strike
1-1: Called Strike
1-2: Foul Ball, location: 2F
1-2: Foul Ball, location: 2F
1-2: Strikes out looking
Batting: LHB Matt Steinke 0-0: Foul Ball, location: 2F
0-1: Ground out 6-3 (Groundball, 6, EV 106.2 MPH)
Batting: LHB Dave Key 0-0: Called Strike
0-1: Ball
1-1: Ground out 4-3 (Groundball, 4S, EV 91.9 MPH)
Top of the 4th over - 0 runs, 0 hits, 0 errors, 0 left on base; Mahoning Valley 0 - Idaho Falls 1
BOTTOM OF THE 4TH
Idaho Falls Chukars batting - Pitching for Mahoning Valley Scrappers : RHP Oscar Alvarado
Batting: RHB Jesus Malave 0-0: Ball
1-0: Called Strike
1-1: Called Strike
1-2: Ball
2-2: Fly out, F8 (Flyball, 78M, EV 81.9 MPH)
Batting: RHB William Lung 0-0: Foul Ball, location: 2F
0-1: Foul Ball, location: 2F
0-2: Ball
1-2: Ball
2-2: SINGLE (Line Drive, 7S, EV 94.4 MPH)
Batting: RHB Phil Hamby 0-0: Called Strike
0-1: SINGLE (Groundball, 6MS, EV 64.4 MPH) (infield hit)
William Lung to second
Batting: RHB Pat McCoy 0-0: Ball
1-0: Foul Ball, location: 2F
1-1: Fielders Choice at 2nd, 6-4 (Groundball, 6, EV 98.8 MPH)
William Lung to third
Batting: RHB Chang-keun Baik 0-0: Foul Ball, location: 2F
0-1: Ball
1-1: Ball
2-1: Ball
3-1: Base on Balls
Pat McCoy to second
Batting: LHB Mike Bhatti 0-0: Ball
1-0: Ball
2-0: Fly out, F5 (Flyball, 56D, EV 81.9 MPH)
Bottom of the 4th over - 0 runs, 2 hits, 0 errors, 3 left on base; Mahoning Valley 0 - Idaho Falls 1
TOP OF THE 5TH
Mahoning Valley Scrappers batting - Pitching for Idaho Falls Chukars : RHP Tom Daniels
Batting: RHB Nick Gossman 0-0: Called Strike
0-1: Ball
1-1: Ball
2-1: Ground out U3 (Groundball, 3S, EV 85.0 MPH)
Batting: RHB Jonathan Livingston 0-0: Ball
1-0: DOUBLE (Groundball, 5L, EV 109.4 MPH)
Batting: RHB Leo Villa 0-0: Called Strike
0-1: Ball
1-1: Swinging Strike
1-2: Ball
2-2: Strikes out swinging
Batting: RHB Juan Ordonez 0-0: Fly out, F8 (Flyball, 8RS, EV 87.5 MPH)
Top of the 5th over - 0 runs, 1 hit, 0 errors, 1 left on base; Mahoning Valley 0 - Idaho Falls 1
BOTTOM OF THE 5TH
Idaho Falls Chukars batting - Pitching for Mahoning Valley Scrappers : RHP Oscar Alvarado
Batting: RHB Vic Nelson 0-0: SINGLE (Groundball, 6MD, EV 102.5 MPH)
Batting: RHB Gabe Ochoa 0-0: Swinging Strike
0-1: Swinging Strike
0-2: Ball
1-2: Strikes out swinging
Batting: LHB Edgar Ortiz 0-0: DOUBLE (Groundball, 5L, EV 108.1 MPH)
Vic Nelson to third
Batting: RHB Jesus Malave 0-0: Ball
1-0: Ball
2-0: Called Strike
2-1: Ground out 2-3 (Groundball, 13S, EV 67.5 MPH)
Batting: RHB William Lung 0-0: Called Strike
0-1: Called Strike
0-2: Ball
1-2: Strikes out swinging
Bottom of the 5th over - 0 runs, 2 hits, 0 errors, 2 left on base; Mahoning Valley 0 - Idaho Falls 1
TOP OF THE 6TH
Mahoning Valley Scrappers batting - Pitching for Idaho Falls Chukars : RHP Tom Daniels
Batting: RHB Kevin Wiles 0-0: Foul Ball, location: 2F
0-1: Swinging Strike
0-2: Ball
1-2: Foul Ball, location: 2F
1-2: Ball
2-2: SINGLE (Groundball, 56S, EV 61.9 MPH) (infield hit)
Batting: RHB Jose Argueta 0-0: Ball
1-0: Ball
2-0: Called Strike
2-1: Called Strike
2-2: Foul Ball, location: 2F
2-2: 2-RUN HOME RUN (Flyball, 7D, EV 100.6 MPH), Distance : 381 ft
Batting: RHB John Shaffer 0-0: Ball
1-0: SINGLE (Groundball, 6D, EV 96.9 MPH)
Batting: LHB Matt Steinke 0-0: Ball
1-0: Fielders Choice at 2nd, 3-6 (Groundball, 3S, EV 80.6 MPH)
Batting: LHB Dave Key 0-0: Called Strike
0-1: SINGLE (Groundball, 34D, EV 105.0 MPH)
Matt Steinke to second
Runner from 2nd tries for 3rd, SAFE, throw by RF made to third
Batting: RHB Nick Gossman 0-0: Called Strike
0-1: Ball
1-1: Called Strike
1-2: Ball
2-2: Ball
3-2: Strikes out swinging
Batting: RHB Jonathan Livingston 0-0: Ball
1-0: Ball
2-0: Foul Ball, location: 2F
2-1: Ball
3-1: Swinging Strike
3-2: Strikes out swinging
Top of the 6th over - 2 runs, 4 hits, 0 errors, 2 left on base; Mahoning Valley 2 - Idaho Falls 1
BOTTOM OF THE 6TH
Idaho Falls Chukars batting - Pitching for Mahoning Valley Scrappers : RHP Oscar Alvarado
Batting: RHB Phil Hamby 0-0: Ball
1-0: Ball
2-0: Foul Ball, location: 2F
2-1: SINGLE (Groundball, 6MS, EV 70.6 MPH) (infield hit)
Batting: RHB Pat McCoy 0-0: SINGLE (Groundball, 34D, EV 106.9 MPH)
Phil Hamby to second
Runner from 2nd tries for 3rd, SAFE, throw by RF made to third
Batting: RHB Chang-keun Baik 0-0: Ball
1-0: Swinging Strike
1-1: Called Strike
1-2: Foul Ball, location: 2F
1-2: Strikes out swinging
Batting: LHB Mike Bhatti 0-0: Ball
Pat McCoy is caught stealing 2nd base 2-6
1-0: SINGLE (Line Drive, 6D, EV 108.1 MPH)
Phil Hamby scores
Batting: RHB Vic Nelson 0-0: Called Strike
0-1: Foul Ball, location: 2F
0-2: Ball
1-2: Ball
2-2: Ground out 4-3 (Groundball, 34, EV 86.9 MPH)
Bottom of the 6th over - 1 run, 3 hits, 0 errors, 1 left on base; Mahoning Valley 2 - Idaho Falls 2
TOP OF THE 7TH
Mahoning Valley Scrappers batting - Pitching for Idaho Falls Chukars : RHP Tom Daniels
Batting: RHB Leo Villa 0-0: Ball
1-0: Ball
2-0: Foul Ball, location: 2F
2-1: Ball
3-1: Foul Ball, location: 2F
3-2: Base on Balls
Pitching: RHP Nam Phong
Batting: RHB Juan Ordonez 0-0: Sac Bunt to 5S - play at first, batter OUT! 5-4
Leo Villa to second
Batting: RHB Kevin Wiles 0-0: Ball
1-0: Foul Ball, location: 2F
1-1: Foul Ball, location: 2F
1-2: Strikes out swinging
Batting: RHB Jose Argueta 0-0: Foul Ball, location: 2F
0-1: Foul Ball, location: 2F
0-2: SINGLE (Groundball, 56D, EV 105.6 MPH)
Leo Villa to third
Runner from 3rd tries for Home, SAFE, throw by LF to home
Batting: RHB John Shaffer 0-0: Ball
1-0: Called Strike
Jose Argueta steals 2nd base
1-1: Foul Ball, location: 2F
1-2: Ball
2-2: Foul Ball, location: 2F
2-2: Strikes out swinging
Top of the 7th over - 1 run, 1 hit, 0 errors, 1 left on base; Mahoning Valley 3 - Idaho Falls 2
BOTTOM OF THE 7TH
Idaho Falls Chukars batting - Pitching for Mahoning Valley Scrappers : RHP Oscar Alvarado
Now at 1B: Kevin Wiles
Now at SS: Ricky Cordova
Now in RF: Jaquan Brown
Batting: RHB Gabe Ochoa 0-0: DOUBLE (Line Drive, 3D, EV 100.6 MPH)
Batting: LHB Edgar Ortiz 0-0: Foul Ball, location: 2F
0-1: Ball
1-1: Ball
Wild Pitch!
Gabe Ochoa to third
2-1: DOUBLE (Line Drive, 5D, EV 108.1 MPH)
Gabe Ochoa scores
Pitching: RHP Jose Guajardo
Batting: RHB Jesus Malave 0-0: Ground out 1-3 (Groundball, P, EV 70.0 MPH)
Edgar Ortiz to third
Batting: RHB William Lung 0-0: Ball
1-0: Hit by Pitch
Batting: RHB Phil Hamby 0-0: Ball
1-0: Called Strike
1-1: Ball
2-1: Called Strike
2-2: Strikes out swinging
Batting: RHB Pat McCoy 0-0: Ball
1-0: SINGLE (Groundball, 56D, EV 103.1 MPH)
Edgar Ortiz scores
William Lung to second
Pinch Runner at 2nd Shohei Nishi:
Batting: RHB Chang-keun Baik 0-0: Called Strike
0-1: Swinging Strike
0-2: Ball
1-2: Foul Ball, location: 2F
1-2: Foul Ball, location: 2F
1-2: Foul Ball, location: 2F
1-2: Fly out, F1 (Popup, 13, EV 86.2 MPH)
Bottom of the 7th over - 2 runs, 3 hits, 0 errors, 2 left on base; Mahoning Valley 3 - Idaho Falls 4
TOP OF THE 8TH
Mahoning Valley Scrappers batting - Pitching for Idaho Falls Chukars : RHP Nam Phong
Now at 3B: Jonas Fernandez
Batting: RHB Ricky Cordova 0-0: Ball
1-0: Ball
2-0: Swinging Strike
2-1: Ball
3-1: Called Strike
3-2: Ground out 6-3 (Groundball, 6, EV 86.2 MPH)
Batting: LHB Dave Key 0-0: Ball
1-0: Swinging Strike
1-1: Foul Ball, location: 2F
1-2: Ball
2-2: Ball
3-2: Strikes out looking
Batting: RHB Nick Gossman 0-0: Ball
1-0: DOUBLE (Line Drive, 9LD, EV 108.8 MPH)
Batting: RHB Jonathan Livingston 0-0: Called Strike
0-1: Foul Ball, location: 2F
0-2: Ball
1-2: Ball
2-2: Strikes out swinging
Top of the 8th over - 0 runs, 1 hit, 0 errors, 1 left on base; Mahoning Valley 3 - Idaho Falls 4
BOTTOM OF THE 8TH
Idaho Falls Chukars batting - Pitching for Mahoning Valley Scrappers : RHP Jose Guajardo
Batting: LHB Mike Bhatti 0-0: Ball
1-0: Ball
2-0: Ball
3-0: Base on Balls
Batting: RHB Vic Nelson 0-0: Sac Bunt to 15 - play at first, batter OUT! 1-3
Mike Bhatti to second
Batting: RHB Gabe Ochoa 0-0: Ball
1-0: Called Strike
1-1: Ball
2-1: Ground out 5-3 (Groundball, 56, EV 84.4 MPH)
Batting: LHB Edgar Ortiz 0-0: Ball
1-0: Foul Ball, location: 2F
1-1: Foul Ball, location: 2F
1-2: Strikes out swinging
Bottom of the 8th over - 0 runs, 0 hits, 0 errors, 1 left on base; Mahoning Valley 3 - Idaho Falls 4
TOP OF THE 9TH
Mahoning Valley Scrappers batting - Pitching for Idaho Falls Chukars : RHP Nam Phong
Batting: RHB Jaquan Brown 0-0: Ball
1-0: Called Strike
1-1: Ground out 4-3 (Groundball, 4, EV 104.4 MPH)
Pinch Hitting: RHB Tacito Carreiro 0-0: Ball
1-0: Ball
2-0: SINGLE (Groundball, 13S, EV 65.6 MPH) (infield hit)
Batting: RHB Kevin Wiles 0-0: Called Strike
0-1: Swinging Strike
0-2: Ball
1-2: Ball
2-2: Ball
3-2: Strikes out swinging
Batting: RHB Jose Argueta 0-0: Foul Ball, location: 2F
0-1: Foul Ball, location: 2F
0-2: Ball
1-2: Ball
2-2: Ground out 6-3 (Groundball, 56, EV 100.6 MPH)
Top of the 9th over - 0 runs, 1 hit, 0 errors, 1 left on base; Mahoning Valley 3 - Idaho Falls 4
Tuesday, March 28th , 2023 - OOTP Baseball 23.10 Build 110